 Dungeon Sprint DCSS version 0.19.5 (webtiles) character file.

298 Mesmaeker13 the Fighter (level 6, -3/62 HPs)
             Began as a Hill Orc Fighter on May 5, 2017.
             Slain by a yak (5 damage)
             ... in the Dungeon (Sprint I: "Red Sonja").
             The game lasted 00:01:09 (675 turns).

Mesmaeker13 the Fighter (Hill Orc Fighter)           Turns: 675, Time: 00:01:11

Health: -3/62      AC:  8    Str: 26    XL:     6   Next: 36%
Magic:  6/6        EV:  8    Int:  8    God:
Gold:   297        SH: 11    Dex: 10    Spells: 0 memorised, 5 levels left

rFire  . . .     SeeInvis .     a - +0 flail
rCold  . . .     Gourm    .     b - +0 scale mail
rNeg   . . .     Faith    .     c - +0 shield
rPois  .         Spirit   .     (no helmet)
rElec  .         Reflect  .     (no cloak)
rCorr  .         Harm     .     (no gloves)
MR     .....     NoTele   +     (no boots)
Stlth  ..........               (no amulet)
                                (no ring)
                                (no ring)

@: mighty
A: no striking features
a: no special abilities


You were in the Dungeon.
You were not hungry.

You visited 1 branch You collected 297 gold pieces.

Inventory:

Hand Weapons
 a - a +0 flail (weapon)
Armour
 b - a +0 scale mail (worn)
 c - a +0 shield (worn)
Scrolls
 k - a scroll of blinking
 l - a scroll of remove curse {unknown}
Potions
 e - a potion of curing
 g - a potion of heal wounds
 h - a potion of haste
 i - 2 potions of magic
Books
 m - a book of Conjurations

   Spells                             Type                      Level
   a - Magic Dart                     Conjuration                  1
   b - Searing Ray                    Conjuration                  2
   c - Dazzling Spray                 Conjuration/Hexes            3
   d - Fulminant Prism                Conjuration/Hexes            4
   e - Iskenderun's Mystic Blast      Conjuration                  4
   f - Iskenderun's Battlesphere      Conjuration/Charms           5
Comestibles
 f - a bread ration


   Skills:
 + Level 8.6 Fighting
 + Level 7.4 Maces & Flails
 + Level 7.7 Armour
 + Level 7.8 Shields


You had 5 spell levels left.
You didn't know any spells.

Dungeon Overview and Level Annotations

Branches:
Dungeon (1/1)

Altars:
Cheibriados
Dithmenos
Elyvilon
Fedhas
Hepliaklqana
Kikubaaqudgha
Okawaru
Qazlal
Ru
Sif Muna
Trog
Uskayaw
Vehumet
Yredelemnul
Zin
The Shining One

Shops:
D *


Message History

The yak is moderately wounded.
You block the yak's attack.
You hit the yak.
The yak is moderately wounded.
The yak gores you!
* * * LOW HITPOINT WARNING * * *
You hit the yak.
The yak is heavily wounded.
The yak gores you!
* * * LOW HITPOINT WARNING * * *
You barely miss the yak.
The yak is heavily wounded.
The yak gores you.
* * * LOW HITPOINT WARNING * * *
You feel very mighty all of a sudden. You block the yak's attack.
You sock the yak!
The yak is severely wounded.
The yak gores you.
You die...

################
#<.#..)..#..'..#
#..'..#..').#..+
#..#####'#####'#
#..# #..#...#.#
#..#__####..##.#
#..#_____##'#..+
#⌠⌠#_.∩...Y@.._#
####_..__##_.#+#
___ ##+# #


You could see a yak.

Vanquished Creatures
  Sigmund (D)
  An ogre (D)
  A jelly (D)
  Ijyb (D)
4 creatures vanquished.

Notes
Turn   | Place    | Note
-------+----------+-------------------------------------------
     0 | D        | Mesmaeker13 the Hill Orc Fighter began the quest for the Orb.
     0 | D        | Reached XP level 1. HP: 19/19 MP: 1/1
     1 | D        | Noticed Ijyb
    16 | D        | Killed Ijyb
    16 | D        | Reached skill level 5 in Fighting
    16 | D        | Reached XP level 2. HP: 26/29 MP: 2/2
    16 | D        | Reached XP level 3. HP: 32/36 MP: 3/3
   146 | D        | Noticed an ogre
   150 | D        | Killed an ogre
   150 | D        | Reached skill level 6 in Fighting
   150 | D        | Reached skill level 5 in Maces & Flails
   150 | D        | Reached skill level 5 in Armour
   150 | D        | Reached XP level 4. HP: 45/45 MP: 4/4
   233 | D        | Noticed Sigmund
   242 | D        | Killed Sigmund
   242 | D        | Reached skill level 8 in Fighting
   242 | D        | Reached XP level 5. HP: 35/56 MP: 5/5
   242 | D        | Reached XP level 6. HP: 39/62 MP: 6/6
   366 | D        | Found a deep blue altar of Sif Muna.
   368 | D        | Found a radiant altar of Vehumet.
   665 | D        | Found Sosen's General Store.
   665 | D        | Found an ancient bone altar of Kikubaaqudgha.
   665 | D        | Found a hazy altar of Hepliaklqana.
   665 | D        | Found a stormy altar of Qazlal.
   665 | D        | Found a hide-covered altar of Uskayaw.
   665 | D        | Found a blossoming altar of Fedhas.
   665 | D        | Found a bloodstained altar of Trog.
   665 | D        | Found an iron altar of Okawaru.
   665 | D        | Found a basalt altar of Yredelemnul.
   665 | D        | Found a glowing golden altar of the Shining One.
   665 | D        | Found a snail-covered altar of Cheibriados.
   665 | D        | Found a sacrificial altar of Ru.
   665 | D        | Found a glowing silver altar of Zin.
   665 | D        | Found a shadowy altar of Dithmenos.
   665 | D        | Found a white marble altar of Elyvilon.
   665 | D        | Noticed a yak
   673 | D        | HP: 2/62 [yak (4)]
   675 | D        | Slain by a yak

Skill      XL: |  1  2  3  4 |
---------------+-------------+-----
Fighting       | 5 6 8 |  8.6
Maces & Flails | 3 5 7 |  7.4
Armour         | 4 5 7 |  7.7
Shields        | 4 6 7 |  7.8

Action                   |  1- 3 |  4- 6 || total
-------------------------+-------+-------++-------
Melee: Flail             |    17 |    21 ||    38
  Use: Potion            |     1 |     1 ||     2
Armor: Scale mail        |     5 |       ||     5
Dodge: Dodged            |     3 |     2 ||     5
Block: Shield            |     9 |     7 ||    16
